 Dungeon Crawl Stone Soup version 0.30-a0-4-ga7cffc901d (webtiles) character file.

Game seed: 3151246137446391999

1005 Setbun the Slicer (level 8, 0/40 (44) HPs)
             Began as a Kobold Brigand on Aug 21, 2022.
             Was a Follower of Wu Jian.
             Slain by a wight
             ... wielding a +4 halberd of freezing
              (19 damage)
             ... on level 6 of the Dungeon.
             The game lasted 00:04:45 (6412 turns).

Setbun the Slicer (Kobold Brigand)                  Turns: 6412, Time: 00:04:46

HP:   0/40 (44)     AC:  4    Str:  9    XL:     8   Next: 44%
MP:   8/8           EV: 14    Int: 12    God:    Wu Jian [*.....]
Gold: 363           SH:  0    Dex: 18    Spells: 7/7 levels left

rFire   . . .      SeeInvis .    E - +2 dagger (venom)
rCold   . . .      Faith    .    (no shield)
rNeg    . . .      Spirit   .    b - +0 robe
rPois   +          Reflect  .    (no helmet)
rElec   .          Harm     .    c - +0 cloak
rCorr   .          Rampage  .    n - +0 pair of gloves
Will    .....                    (no boots)
Stlth   ++++......               (no amulet)
HPRegen 0.13/turn                w - ring of poison resistance
MPRegen 0.11/turn                (no ring)

@: drained
A: small, no large weapons, nightstalker 3
a: Renounce Religion


You were on level 6 of the Dungeon.
You worshipped Wu Jian.
Wu Jian was aware of your devotion.
You visited 2 branches of the dungeon, and saw 7 of its levels.

You collected 363 gold pieces.

Inventory:

Hand Weapons
 a - a +2 dagger
 E - a +2 dagger of venom (weapon)
Missiles
 d - 36 poisoned darts (quivered)
 e - 3 curare-tipped darts
Armour
 b - a +0 robe (worn)
 c - a +0 cloak (worn)
 h - an orb of wrath
 n - a +0 pair of gloves (worn)
Jewellery
 o - a ring of fire
 u - a ring of flight
 w - a ring of poison resistance (left hand)
 D - the ring "Ysigiel" {Fire Will+ Str+3 Int+3}
   (You found it on level 4 of the Dungeon)

   [ring of fire]

   It enhances your fire magic.
   Str:       It affects your strength (+3).
   Int:       It affects your intelligence (+3).
   rF:        It protects you from fire.
   rC:        It makes you vulnerable to cold.
   Will:      It increases your willpower.
 K - a +4 ring of slaying
Wands
 y - a wand of polymorph (6)
 F - a wand of mindburst (16)
 J - a wand of charming (18)
 L - a wand of quicksilver (9)
Scrolls
 g - 4 scrolls of amnesia {unknown}
 j - a scroll of immolation {unknown}
 l - 9 scrolls of identify {unknown}
 m - 4 scrolls of teleportation {unknown}
 p - 4 scrolls of brand weapon {unknown}
 t - a scroll of vulnerability {unknown}
 v - 3 scrolls of noise {unknown}
 A - a scroll of blinking {unknown}
 B - 2 scrolls of enchant weapon {unknown}
 C - 3 scrolls of enchant armour {unknown}
 G - a scroll of torment {unknown}
 I - a scroll of silence {unknown}
Potions
 f - 2 potions of degeneration {unknown}
 i - 5 potions of curing {unknown}
 k - 3 potions of heal wounds {unknown}
 q - 3 potions of attraction {unknown}
 r - 2 potions of invisibility {unknown}
 s - a potion of cancellation {unknown}
 x - a potion of lignification {unknown}
 z - 2 potions of might {unknown}
 H - a potion of mutation {unknown}


   Skills:
 - Level 2.1 Fighting
 - Level 12.0 Short Blades
 - Level 2.1 Throwing
 - Level 1.2 Dodging
 + Level 6.1 Stealth


You had 7 spell levels left.
You didn't know any spells.
Your spell library contained the following spells:

 Spells                   Type           Power      Damage    Failure   Level
 Apportation              Tloc           0%         N/A       32%         1
 Summon Small Mammal      Summ           0%         N/A       32%         1
 Poisonous Vapours        Pois/Air       0%         N/A       45%         2
 Call Canine Familiar     Summ           0%         N/A       69%         3
 Summon Guardian Golem    Hex/Summ       0%         N/A       69%         3
 Corpse Rot               Necr/Pois/Air  0%         N/A       97%         4
 Alistair's Intoxication  Tmut/Pois      0%         N/A       100%        5


Dungeon Overview and Level Annotations

Branches:
Dungeon (6/15)             Temple (1/1) D:5

Altars:
Cheibriados
Dithmenos
Elyvilon
Kikubaaqudgha
Makhleb
Qazlal
Ru
Trog
Uskayaw
Wu Jian
Xom
Yredelemnul
The Shining One


Innate Abilities, Weirdness & Mutations

You are small and have problems with some larger weapons.
You are completely attuned to the shadows.


Message History

No target in view!
No target in view!
No target in view!
No target in view!
No target in view!
No target in view!
A wight comes into view.
It is wielding a +4 halberd of freezing.
A wight is nearby!
A wight comes into view. It is wielding a +1 great sword.
The wight closely misses you.
You lunge at the wight, in a flurry of attacks.
You hit the wight but do no damage. x2
You hit the wight but do no damage.
The wight hits you from afar with a +4 halberd of freezing!
You feel drained. The wight freezes you.
You hit the wight.
The wight is lightly damaged.
You hit the wight.
The wight is moderately damaged.
A wight comes into view. It is wielding a +3 battleaxe.
The wight closely misses you.
You hit the wight but do no damage.
The wight is moderately damaged.
You hit the wight but do no damage.
The wight is moderately damaged.
The wight misses you. The wight barely misses you. x2
You hit the wight.
The wight is heavily damaged.
You hit the wight but do no damage.
The wight is heavily damaged.
The wight hits you with a +1 great sword!
You feel drained. The wight barely misses you. The wight closely misses you.
You hit the wight.
The wight is severely damaged.
You hit the wight.
You destroy the wight!
The Council accepts your kill. The wight hits you with a +3 battleaxe.
You feel drained.
The wight hits you from afar with a +4 halberd of freezing!!
You die...

###### ......#
.......########
####.....#####..
#########.....#####..
#.zz).###.....#####..
#@#...........##..
#.............##..
##......_......#..
##...............
#...........####
####.....####
####.....####
####.....####
#.##.#.######


You could see 2 wights.

Vanquished Creatures
  An ice beast (D:6)
  An ogre (D:5)
  A phantom (D:5)
  A bullfrog (D:5)
  A scorpion (D:5)
  5 wights
  A howler monkey (D:4)
  An orc priest (D:5)
  4 hounds
  A jelly (D:5)
  Ijyb (D:3)
  An orc wizard (D:5)
  4 adders
  2 shadow imps (D:5)
  2 worms
  2 dart slugs
  14 orcs
  6 endoplasms
  5 giant cockroaches
  7 goblins
  4 hobgoblins
  2 quokkas
  10 ball pythons
  2 bats
  3 frilled lizards
  7 kobolds
  4 rats
93 creatures vanquished.

Notes
Turn   | Place    | Note
-------+----------+-------------------------------------------
     0 | D:1      | Setbun the Kobold Brigand began the quest for the Orb.
     0 | D:1      | Reached XP level 1. HP: 12/12 MP: 1/1
    24 | D:1      | Reached skill level 3 in Short Blades
   253 | D:1      | Reached XP level 2. HP: 17/17 MP: 2/2
   388 | D:1      | Reached skill level 4 in Short Blades
   783 | D:1      | Reached XP level 3. HP: 21/21 MP: 3/3
  1285 | D:2      | Reached skill level 5 in Short Blades
  1303 | D:2      | Reached XP level 4. HP: 3/26 MP: 4/4
  1791 | D:2      | Found a white marble altar of Elyvilon.
  2482 | D:3      | Noticed Ijyb
  2497 | D:3      | Killed Ijyb
  2498 | D:3      | Reached skill level 6 in Short Blades
  2681 | D:3      | Found a shimmering altar of Xom.
  2681 | D:3      | Found a glowing golden altar of the Shining One.
  2681 | D:3      | Found a shadowy altar of Dithmenos.
  3052 | D:4      | Reached XP level 5. HP: 30/30 MP: 5/5
  3313 | D:4      | Identified the ring "Ysigiel" {Fire Will+ Str+3 Int+3}
  3476 | D:4      | Reached skill level 7 in Short Blades
  4032 | D:5      | Entered Level 5 of the Dungeon
  4040 | D:5      | Found a staircase to the Ecumenical Temple.
  4152 | Temple   | Entered the Ecumenical Temple
  4210 | Temple   | Became a worshipper of the Wu Jian Council
  4228 | D:5      | Reached XP level 6. HP: 26/35 MP: 6/6
  4437 | D:5      | Reached skill level 8 in Short Blades
  4604 | D:5      | Reached skill level 9 in Short Blades
  4848 | D:5      | Reached XP level 7. HP: 40/40 MP: 7/7
  4852 | D:5      | Reached skill level 10 in Short Blades
  5363 | D:5      | Reached * piety under Wu Jian
  5376 | D:5      | Reached skill level 11 in Short Blades
  5376 | D:5      | Reached XP level 8. HP: 44/44 MP: 8/8
  5814 | D:6      | Reached skill level 12 in Short Blades
  6331 | D:6      | Found a snail-covered altar of Cheibriados.
  6412 | D:6      | Slain by a wight

Illustrated notes

Levels and vault maps discovered:
D:1:      roderic_dead_forest, layout_loops_cross
D:2:      layout_rooms, basic_altar, minmay_split_cup_large
D:3:      layout_basic, gammafunk_temple_overflow_claw, uniq_ijyb
D:4:      layout_gridville, minmay_misc_feat_plants
D:5:      layout_basic, minmay_temple_entry_mini_moons
D:6:      layout_basic, slow_altar_1, kennysheep_dice
Temple:   eino_narrow_crystal_temple

Skill      XL: |  1  2  3  4  5  6  7  8 |
---------------+-------------------------+-----
Short Blades   | 3 4 5 6 7 9 11 12 | 12.0
Stealth        | 6 |  6.1
Fighting       | |  2.1
Throwing       | |  2.1
Dodging        | |  1.2

Action                   |  1- 3 |  4- 6 |  7- 9 || total
-------------------------+-------+-------+-------++-------
Melee: Dagger            |    76 |   130 |    83 ||   289
       Unarmed           |       |    15 |       ||    15
       Punch             |       |     1 |     1 ||     2
Invok: Lunge             |       |     6 |     8 ||    14
 Stab: Sleeping          |    14 |    18 |     8 ||    40
       Distracted        |       |     1 |     2 ||     3
       Confused          |       |     1 |       ||     1
Armor: Robe              |    22 |    16 |     4 ||    42
       Skin              |       |     6 |       ||     6
Dodge: Dodged            |    53 |    59 |    23 ||   135

Table legend: (Time is in decaauts)
 A = Elapsed time spent in this place.
 B = Non-inter-level travel time spent in this place.
 C = Inter-level travel time spent in this place.
 D = Time resting spent in this place.
 E = Time spent auto-exploring this place.
 F = Levels seen in this place.
 G = Mean time per level.
                   A        B        C        D        E       F      G
               +--------+--------+--------+--------+--------+-----+--------+
         Total |   6316 |   6118 |    198 |    608 |   4863 |   7 |  902.3 |
       Dungeon |   6252 |   6054 |    198 |    608 |   4816 |   6 | 1042.0 |
        Temple |     64 |     64 |      0 |      0 |     47 |   1 |   64.0 |
               +--------+--------+--------+--------+--------+-----+--------+

Top non-repeatable levels by time:
     D:5: 1671 daAuts
     D:3: 1188 daAuts
     D:4: 985 daAuts
     D:1: 939 daAuts
     D:2: 873 daAuts
     D:6: 593 daAuts
  Temple: 64 daAuts
